 Dungeon Crawl Stone Soup version 0.26.1-11-gd32895ea62 (webtiles) character file.

Game seed: 8398612037129153326

110597 bnns the Severer (level 16, 0/138 HPs)
             Began as a Demonspawn Berserker on June 3, 2021.
             Was an Initiate of Gozag.
             Slain by a deep troll (19 damage)
             ... created by the rage of Trog
             ... on level 1 of the Orcish Mines on June 4, 2021.
             The game lasted 01:09:02 (21788 turns).

bnns the Severer (Demonspawn Berserker)            Turns: 21788, Time: 01:09:02

Health: 0/138      AC: 26    Str: 22    XL:     16   Next: 7%
Magic:  16/16      EV: 18    Int: 13    God:    Gozag
Gold:   742        SH:  0    Dex: 14    Spells: 15/15 levels left

rFire    + + .     SeeInvis .   R - +5 broad axe "Killer Klown's Regret" {protect, rC+++ rN+ Str-3 Int+4}
rCold    + + +     Faith    .   (no shield)
rNeg     + . .     Spirit   .   P - +5 ring mail "Tethra" {+Inv Str+2}
rPois    +         Reflect  .   z - +1 helmet
rElec    +         Harm     .   H - scarf {repulsion}
rCorr    +         Rampage  .   (gloves unavailable)
Will     +....                  L - +1 pair of boots
Stlth    +.........             v - amulet of regeneration
HPRegen  0.73/turn              V - ring of poison resistance
MPRegen  0.15/turn              M - +4 ring of evasion

@: mighty, about to teleport, resistant, protection aura, hasted, studying
Stealth, repel missiles, very quick
A: claws 3, rugged brown scales 2, fire resistance 1, spiny 2, flame cloud
immunity
a: Renounce Religion, Evoke Invisibility, Potion Petition, Call Merchant, Bribe
Branch


You were on level 1 of the Orcish Mines.
You worshipped Gozag.
Gozag was pleased with you.
You visited 4 branches of the dungeon, and saw 23 of its levels.
You also visited: Ice Cave.

You collected 2380 gold pieces.
You spent 152 gold pieces at shops.
You paid 1486 gold pieces to Gozag.

Inventory:

Hand Weapons
 k - a +7 battleaxe of flaming
 B - the +8 halberd "Tikis" {vorpal, +Blink MP-9 Str+2 Dex+2, unknown}
   (You found it in an ice cave)

   It inflicts extra damage upon your enemies.
   It affects your strength (+2).
   It affects your dexterity (+2).
   It affects your magic capacity (-9).
   It lets you blink.
 J - the cursed +0 great mace of Zautuhen {venom, +Rage rC- rN+ Dex+3, unknown}
   (You found it in an ice cave)

   It poisons the flesh of those it strikes.
   It affects your dexterity (+3).
   It makes you vulnerable to cold.
   It protects you from negative energy.
   It lets you go berserk.
   It has a curse placed upon it.
 K - the +9 heavy crossbow "Sniper" {vorpal, Acc+∞ SInv}
   (You found it on level 15 of the Dungeon)

   Any bolt fired from it inflicts extra damage.
   It lets you see invisible.
 R - the +5 broad axe "Killer Klown's Regret" (weapon) {protect, rC+++ rN+ Str-3 Int+4}
   (You found it on level 6 of the Lair of Beasts)

   It grants its wielder temporary protection when it strikes (+7 to AC).
   It affects your strength (-3).
   It affects your intelligence (+4).
   It renders you almost immune to cold.
   It protects you from negative energy.
Armour
 z - a +1 helmet (worn)
 D - a +1 cloak of preservation
 H - a scarf of repulsion (worn)
 L - a +1 pair of boots (worn)
 P - the +5 ring mail "Tethra" (worn) {+Inv Str+2}
   (You found it on level 4 of the Lair of Beasts)

   It affects your strength (+2).
   It lets you turn invisible.
Jewellery
 h - a +6 ring of intelligence
 s - an uncursed amulet of magic regeneration
 v - an amulet of regeneration (around neck)
 y - an uncursed ring of resist corrosion
 C - an uncursed ring of see invisible
 M - a +4 ring of evasion (right claw)
 S - an uncursed ring of positive energy
 U - an uncursed ring of ice
 V - a ring of poison resistance (left claw)
Wands
 l - a wand of flame (24)
 n - a wand of iceblast (22)
 o - a wand of polymorph (7)
 G - a wand of random effects (19)
 X - a wand of enslavement (6)
Scrolls
 a - 2 scrolls of blinking
 d - 18 scrolls of remove curse
 f - 3 scrolls of fear
 g - 9 scrolls of fog
 p - 3 scrolls of teleportation
 Q - a scroll of silence
 W - a scroll of identify
Potions
 b - 2 potions of ambrosia
 c - a potion of flight
 e - 2 potions of invisibility
 i - 12 potions of might
 j - 12 potions of curing
 q - a potion of heal wounds
 r - 2 potions of haste
 t - 5 potions of lignification
 u - a potion of attraction
 w - 2 potions of resistance
 x - 4 potions of magic
 A - 2 potions of brilliance
 F - 10 potions of mutation
 I - 3 potions of berserk rage
Books
 N - a manual of Stealth
Miscellaneous
 E - a lightning rod (4/4)
 O - a condenser vane
 Y - a phantom mirror


   Skills:
 + Level 13.9 Fighting
 + Level 19.1 Axes
 + Level 10.9 Armour
 + Level 6.1 Dodging
 + Level 1.3 Evocations


You had 15 spell levels left.
You didn't know any spells.
Your spell library contained the following spells:

 Spells                   Type           Power        Failure   Level
 Freeze                   Ice            0%           41%         1
 Magic Dart               Conj           0%           41%         1
 Sting                    Tmut/Pois      0%           41%         1
 Blink                    Tloc           N/A          56%         2
 Call Imp                 Summ           0%           56%         2
 Poisonous Vapours        Pois/Air       0%           56%         2
 Slow                     Hex            0%           56%         2
 Conjure Flame            Conj/Fire      0%           80%         3
 Frozen Ramparts          Ice            0%           80%         3
 Ignite Poison            Fire/Tmut/Pois 0%           80%         3
 Mephitic Cloud           Conj/Pois/Air  0%           80%         3
 Ozocubu's Armour         Ice            0%           80%         3
 Hailstorm                Conj/Ice       0%           99%         4
 Olgreb's Toxic Radiance  Pois           0%           99%         4
 Summon Ice Beast         Ice/Summ       0%           99%         4
 Summon Lightning Spire   Summ/Air       0%           99%         4
 Silence                  Hex/Air        0%           100%        5
 Conjure Ball Lightning   Conj/Air       0%           100%        6
 Tornado                  Air            0%           100%        9


Dungeon Overview and Level Annotations

Branches:
Dungeon (15/15)            Temple (1/1) D:7            Lair (6/6) D:8
 Shoals (0/4) Lair:2        Snake (0/4) Lair:3        Slime (0/5) Lair:6
    Orc (1/2) D:12         Vaults (0/5) D:14         Depths (0/5) D:15
  IceCv (visited)

Altars:
Ashenzari
Cheibriados
Dithmenos
Elyvilon
Fedhas
Gozag
Hepliaklqana
Kikubaaqudgha
Makhleb
Nemelex Xobeh
Okawaru
Qazlal
Ru
Sif Muna
Trog
Uskayaw
Vehumet
Wu Jian
Xom
Yredelemnul
Zin
The Shining One

Shops:
D:14 ?   Orc:1 (


Innate Abilities, Weirdness & Mutations

You have claws for hands.
You are mostly covered in rugged brown scales. (AC +2, +5% HP)
Your flesh is heat resistant. (rF+)
You are mostly covered in sharp spines.
You are immune to clouds of flame.


Message History

The deep troll closely misses you.
The deep troll claws you but does no damage. x2
The black bear rages.
As you read the scroll of teleportation, it crumbles to dust.
You feel strangely unstable.
The deep troll is struck by your spines.
The deep troll completely misses you. The deep troll claws you.
* * * LOW HITPOINT WARNING * * *
The deep troll claws you but does no damage.
The orc warrior hits you from afar with a +0 trident.
* * * LOW HITPOINT WARNING * * *
[a] - 280 gold - resistance [b] - 720 gold - resistance, might and haste [c] - 299 gold - heal wounds and magic Purchase which effect?
You no longer have enough gold to fund merchants seeking to open stores in the dungeon.
You feel protected.
You feel very mighty all of a sudden.
You feel yourself speed up. The deep troll bites you!!
You die...
Your body crumbles into a pile of gold.

##....#................)...
##...#................)...
##....................##..#
#..........................
##.........................
**########........#....#....
*****,*.*#.####...........###...
**,,*,,,..#.#..###......#..,*##.#
*,,,,,,,.......#@#......#.,** ###
,,,,,,,,......oT##.....##*** #
,,,≈$≈≈≈......oT.##.....# #
,,,≈8,8$.......O.O)....## ##
,,,≈,,,≈...#.......)....# ##.
,,,≈8,8$..,##...$.......# #..
,,,≈≈≈≈≈.,,*#...........# #..
*,,,,,,,,,**#..........## ##.
,,,,,,,,,,* ##.......#.# ##


You could see an iron troll (berserk), a deep troll (berserk), 2 orc warriors
and an ogre (berserk).

Vanquished Creatures
  A frost giant (IceCv)
  Azrael (D:15)
  An ogre mage (D:15)
  A yaktaur captain (D:15)
  A fire dragon (D:15)
  4 centaur warriors
  4 boulder beetles
  15 hydras
  8 two-headed ogres
  3 catoblepae
  2 tengu warriors (D:15)
  11 death yaks (Lair:6)
  A deep troll shaman (Lair:6)
  4 skeletal warriors (D:14)
  An unseen horror (D:13)
  2 lindwurms
  3 wizards
  An orc knight (D:15)
  3 cyclopes
  6 deep elf magi
  2 wolf spiders (D:15)
  4 oklob plants (Lair:4)
  15 ugly things
  23 elephants
  A merfolk siren (Lair:2)
  2 black mambas (Lair:4)
  2 ice statues (IceCv)
  4 gargoyles
  A torpor snail (Lair:6)
  15 cane toads
  5 rime drakes
  An efreet (D:14)
  10 komodo dragons
  A yaktaur (D:15)
  2 ice devils (Orc:1)
  A tengu conjurer (D:15)
  7 trolls
  21 polar bears
  A hornet (Lair:3)
  15 blink frogs
  A meliai zombie (D:15)
  4 dream sheep (Lair:6)
  A vampire (D:12)
  5 water elementals
  3 spriggans (Lair:2)
  4 wyverns
  3 fire elementals (D:15)
  6 basilisks
  42 yaks
  2 wraiths
  3 steam dragons
  2 humans (D:8)
  Grum (D:8)
  4 vampire mosquitoes (D:13)
  4 wargs (D:12)
  An acid dragon (D:13)
  4 hell hounds (D:15)
  10 water moccasins
  A meliai simulacrum (D:14)
  A black bear (D:11)
  6 ice beasts
  14 orc warriors
  2 sky beasts
  A necrophage (D:11)
  5 phantoms
  2 eyes of draining
  11 ogres
  30 wolves
  17 centaurs
  20 bullfrogs
  A hornet simulacrum (D:15)
  7 scorpions
  4 killer bees (D:11)
  24 wights
  8 electric eels
  3 howler monkeys
  4 centaur zombies
  A bullfrog zombie (D:10)
  7 jellies
  2 wyvern simulacra (D:14)
  7 centaur skeletons
  Crazy Yiuf (D:4)
  12 orc priests
  7 hounds
  2 bullfrog skeletons
  3 iguanas
  22 orc wizards
  6 worker ants
  A hound zombie (D:7)
  A howler monkey zombie (D:6)
  2 worker ant zombies
  A howler monkey skeleton (D:9)
  18 gnolls
  10 adders
  2 shadow imps
  2 white imps
  2 ufetubi (D:6)
  An ooze (D:3)
  An adder zombie (D:9)
  3 adder skeletons
  2 worms
  2 dart slugs (D:3)
  5 leopard geckos
  63 orcs
  3 ball pythons
  6 bats
  5 giant cockroaches
  5 hobgoblins
  8 jackals
  2 kobolds (D:1)
  8 quokkas
  6 frilled lizards
  4 goblins
  A jackal skeleton (D:8)
  8 rats
  A bush (Lair:6)
  A fungus (Lair:6)
711 creatures vanquished.

Vanquished Creatures (others)
  2 water moccasins (Lair:6)
  A bush (Lair:6)
  34 fungi
  94 plants
  7 toadstools (Lair:4)
138 creatures vanquished.

Grand Total: 849 creatures vanquished

Notes
Turn   | Place    | Note
-------+----------+-------------------------------------------
     0 | D:1      | bnns the Demonspawn Berserker began the quest for the Orb.
     0 | D:1      | Reached XP level 1. HP: 18/18 MP: 1/1
   295 | D:1      | Gained mutation: You are partially covered in rugged brown
                  | scales. (AC +1, +3% HP) [demonic ancestry]
   295 | D:1      | Reached XP level 2. HP: 11/24 MP: 2/2
   499 | D:1      | Reached skill level 3 in Axes
  1043 | D:2      | Gained mutation: You are partially covered in sharp spines.
                  | [demonic ancestry]
  1043 | D:2      | Reached XP level 3. HP: 27/29 MP: 3/3
  1544 | D:2      | Found a sacrificial altar of Ru.
  1561 | D:2      | Found an iron altar of Okawaru.
  1900 | D:3      | Reached ** piety under Trog
  1903 | D:3      | Gained mutation: Your flesh is heat resistant. (rF+)
                  | [demonic ancestry]
  1903 | D:3      | Reached XP level 4. HP: 33/36 MP: 4/4
  1914 | D:3      | Reached skill level 4 in Axes
  2266 | D:3      | Gained mutation: You have sharp fingernails. [demonic
                  | ancestry]
  2266 | D:3      | Reached XP level 5. HP: 43/43 MP: 5/5
  2322 | D:3      | Reached skill level 5 in Axes
  2460 | D:4      | Noticed a phantom
  2471 | D:4      | Killed a phantom
  2472 | D:4      | Gained mutation: You have very sharp fingernails. [demonic
                  | ancestry]
  2472 | D:4      | Reached XP level 6. HP: 49/49 MP: 6/6
  2589 | D:4      | Found a broken altar of Ashenzari.
  2782 | D:4      | Reached skill level 6 in Axes
  2949 | D:4      | Gained mutation: You are immune to clouds of flame.
                  | [demonic ancestry]
  2949 | D:4      | Reached XP level 7. HP: 56/56 MP: 7/7
  2959 | D:4      | Reached *** piety under Trog
  3200 | D:4      | Found a shimmering altar of Xom.
  3333 | D:4      | Found a runed translucent door.
  3334 | D:4      | Noticed Crazy Yiuf
  3461 | D:4      | Killed Crazy Yiuf
  3532 | D:5      | Entered Level 5 of the Dungeon
  3659 | D:5      | Reached skill level 7 in Axes
  3881 | D:5      | Reached skill level 5 in Fighting
  4088 | D:5      | Reached XP level 8. HP: 37/63 MP: 8/8
  4262 | D:6      | Reached skill level 8 in Axes
  4447 | D:6      | Reached skill level 9 in Axes
  4456 | D:6      | Reached XP level 9. HP: 36/71 MP: 9/9
  4608 | D:6      | Reached **** piety under Trog
  5097 | D:6      | Found a blossoming altar of Fedhas.
  5402 | D:7      | Reached skill level 10 in Axes
  5465 | D:7      | Found a shadowy altar of Dithmenos.
  5472 | D:7      | Found a blossoming altar of Fedhas.
  5586 | D:7      | Found a white marble altar of Elyvilon.
  5586 | D:7      | Found a glowing golden altar of the Shining One.
  5586 | D:7      | Found a glowing silver altar of Zin.
  5610 | D:7      | Found a burning altar of Makhleb.
  5665 | D:7      | Found a staircase to the Ecumenical Temple.
  5890 | D:8      | Noticed Grum
  5892 | D:8      | Reached ***** piety under Trog
  5899 | D:8      | Reached skill level 11 in Axes
  5905 | D:8      | Reached XP level 10. HP: 71/81 MP: 10/10
  5907 | D:8      | Killed Grum
  6095 | D:8      | Reached skill level 5 in Armour
  6281 | D:8      | Found an iron altar of Okawaru.
  6320 | D:8      | Found a staircase to the Lair.
  6743 | D:9      | Found a snail-covered altar of Cheibriados.
  6911 | D:9      | Reached skill level 12 in Axes
  7597 | Lair:1   | Entered Level 1 of the Lair of Beasts
  7621 | Lair:1   | Noticed a cane toad
  7630 | Lair:1   | Killed a cane toad
  7814 | Lair:1   | Found a gate leading to a gauntlet.
  7885 | Lair:1   | Noticed a cane toad
  7888 | Lair:1   | Killed a cane toad
  7917 | Lair:1   | Noticed a cane toad
  7921 | Lair:1   | Killed a cane toad
  7922 | Lair:1   | Gained mutation: You are mostly covered in rugged brown
                  | scales. (AC +2, +5% HP) [demonic ancestry]
  7922 | Lair:1   | Reached XP level 11. HP: 70/90 MP: 11/11
  8935 | Lair:2   | Noticed a four-headed hydra
  8935 | Lair:2   | Noticed a four-headed hydra
  8935 | Lair:2   | Noticed an eight-headed hydra
  8937 | Lair:2   | Noticed a boulder beetle
  8939 | Lair:2   | Reached skill level 13 in Axes
  9106 | D:10     | Entered Level 10 of the Dungeon
  9598 | D:10     | You fall into a shaft and drop 2 floors!
  9598 | D:12     | Noticed a brown ugly thing
  9603 | D:12     | Killed a brown ugly thing
  9933 | D:11     | Noticed a two-headed ogre
  9942 | D:11     | Killed a two-headed ogre
 10498 | Lair:2   | Killed a six-headed hydra
 10552 | Lair:2   | Killed a one-headed hydra
 10553 | Lair:2   | Reached skill level 14 in Axes
 10553 | Lair:2   | Gained mutation: You have claws for hands. [demonic
                  | ancestry]
 10553 | Lair:2   | Reached XP level 12. HP: 68/100 MP: 12/12
 10556 | Lair:2   | Killed a one-headed hydra
 10650 | Lair:2   | Got an ebony whip
 10653 | Lair:2   | Identified the +10 whip of Rywe {vorpal, Str+2} (You found
                  | it on level 2 of the Lair of Beasts)
 10703 | Lair:2   | Noticed a boulder beetle
 10710 | Lair:2   | Killed a boulder beetle
 11190 | Lair:2   | Found a staircase to the Shoals.
 11370 | Lair:3   | Reached skill level 10 in Fighting
 11466 | Lair:3   | You fall into a shaft and drop 2 floors!
 11525 | Lair:4   | Received a gift from Trog
 11646 | Lair:4   | Noticed a four-headed hydra
 11802 | Lair:4   | Killed a one-headed hydra
 11895 | Lair:3   | Found a staircase to the Snake Pit.
 11949 | Lair:3   | Reached ****** piety under Trog
 12292 | Lair:3   | Noticed a death yak
 12292 | Lair:3   | Noticed a death yak
 12292 | Lair:3   | Noticed a death yak
 12292 | Lair:3   | Noticed a death yak
 12293 | Lair:3   | Noticed a death yak
 12293 | Lair:3   | Noticed a death yak
 12440 | Lair:4   | Noticed a six-headed hydra
 12446 | Lair:4   | Killed a four-headed hydra
 12511 | Lair:4   | Noticed a six-headed hydra
 12515 | Lair:4   | Reached skill level 15 in Axes
 12515 | Lair:4   | Reached XP level 13. HP: 109/109 MP: 13/13
 13307 | Lair:4   | Found a runed translucent door.
 13392 | Lair:4   | Reached skill level 10 in Armour
 13963 | Lair:4   | Got an agate-encrusted ring mail
 13974 | Lair:4   | Identified the +5 ring mail "Tethra" {+Inv Str+2} (You
                  | found it on level 4 of the Lair of Beasts)
 14023 | Lair:5   | Reached skill level 1 in Evocations
 14557 | Lair:5   | Received a gift from Trog
 14963 | Lair:6   | Entered Level 6 of the Lair of Beasts
 14971 | Lair:6   | Reached skill level 16 in Axes
 15138 | Lair:6   | Found a staircase to the Slime Pits.
 15177 | Lair:6   | Gained mutation: You are mostly covered in sharp spines.
                  | [demonic ancestry]
 15177 | Lair:6   | Reached XP level 14. HP: 119/119 MP: 14/14
 15521 | Lair:6   | Reached skill level 17 in Axes
 15675 | Lair:6   | Got an ancient broad axe
 15676 | Lair:6   | Identified the +5 broad axe "Killer Klown's Regret"
                  | {protect, rC+++ rN+ Str-3 Int+4} (You found it on level 6
                  | of the Lair of Beasts)
 15911 | Lair:6   | Got a pitted lajatang
 15912 | Lair:6   | Identified the +6 lajatang of the Radish {drain, rF+ rC+
                  | Str-5} (You found it on level 6 of the Lair of Beasts)
 16784 | D:11     | Received a gift from Trog
 16996 | D:12     | Found a staircase to the Orcish Mines.
 17933 | D:13     | Reached XP level 15. HP: 128/128 MP: 15/15
 18293 | D:14     | Found a shimmering altar of Xom.
 18421 | D:14     | Received a gift from Trog
 18443 | D:14     | Reached skill level 18 in Axes
 18618 | D:14     | Found Okhlos's Magic Scroll Shop.
 18652 | D:14     | Bought a scroll of identify for 32 gold pieces
 18652 | D:14     | Bought a scroll of enchant armour for 120 gold pieces
 18965 | D:14     | Found a gate to the Vaults.
 19142 | D:15     | Entered Level 15 of the Dungeon
 19142 | D:15     | Found a basalt altar of Yredelemnul.
 19145 | D:15     | Found the +9 heavy crossbow "Sniper" {vorpal, Acc+∞ SInv}
 19211 | D:15     | Reached skill level 5 in Dodging
 19386 | D:15     | Found a staircase to the Depths.
 19464 | D:15     | Received a gift from Trog
 19729 | D:15     | Found an opulent altar of Gozag.
 19830 | D:15     | Noticed Azrael
 19877 | D:15     | Killed Azrael
 20408 | Temple   | Entered the Ecumenical Temple
 20590 | Temple   | Fell from the grace of Trog
 20590 | Temple   | Became a worshipper of Gozag Ym Sagoz the Greedy
 20738 | Orc:1    | Entered Level 1 of the Orcish Mines
 20745 | Orc:1    | Found Royk's Antique Weapon Boutique.
 20781 | Orc:1    | Found a frozen archway.
 20801 | IceCv    | Entered an ice cave
 20970 | IceCv    | Reached skill level 19 in Axes
 21031 | IceCv    | Reached XP level 16. HP: 138/138 MP: 16/16
 21155 | IceCv    | Got a smoking halberd
 21159 | IceCv    | Got a bloodstained great mace
 21788 | Orc:1    | Slain by a deep troll

Illustrated notes

Levels and vault maps discovered:
D:1:      giann_bridges, layout_loops_ring, palyth_stone_intersect
D:2:      layout_basic, minitemple
D:3:      layout_basic, serial_forest, infiniplex_forest_clump_long,
          infiniplex_forest_clump_large, infiniplex_forest_straight_2,
          infiniplex_forest_lined_3_way, infiniplex_forest_straight_2,
          infiniplex_forest_clump_diagonal, infiniplex_forest_lined_room_2
D:4:      layout_cave_pods, ashenzari_altar_1, kennysheep_mini_moat,
          uniq_crazy_yiuf_cottage
D:5:      layout_loops_cross
D:6:      cheibrodos_quashed, layout_cave_pods, fedhas_altar_decomposition
D:7:      layout_rooms, good_gods_mini_temple, amethyst_overflow_temple_binary,
          kennysheep_mini, minmay_temple_entry_wispy
D:8:      layout_basic, lair_entry_dummy, serial_park_tiny_pond, okawaru_humans,
          uniq_grum
D:9:      layout_basic, old_standard_altar
D:10:     layout_roguey
D:11:     layout_basic
D:12:     layout_roguey, minmay_orc_entry_guard_dogs, st_stairs_7
D:13:     layout_long_grid, minmay_mirror_moons_of_madness
D:14:     layout_basic, david_vaults_1, serial_shops, shop_scrolls, basic_altar,
          minivault_25, eino_small_chamber_without_monster
D:15:     grunt_enter_depths_snipers, layout_basic, nicolae_gozag_seed_capital,
          basic_altar, due_unseen_surprise, uniq_azrael
Temple:   jpeg_temple_clearing
Lair:1:   layout_long_grid, gauntlet_entry_generic, minivault_25,
          serial_bayou_pond_e
Lair:2:   nzn_winding_woodlands_stair_cross [nzn_winding_woodlands_5x15_zeroes,
          nzn_winding_woodlands_center_triple_pond,
          nzn_winding_woodlands_5x15_eye, nzn_winding_woodlands_5x5_perimeter,
          nzn_winding_woodlands_5x5_open_star,
          nzn_winding_woodlands_5x15_jagged,
          nzn_winding_woodlands_center_garden,
          nzn_winding_woodlands_5x15_sidewinder], layout_regular_city,
          elwin_shoals_entry_rooms, wad_woods_river_04, st_stairs_7,
          wad_woods_02
Lair:3:   layout_regular_city, guppyfry_snake_entry_island,
          infiniplex_staircase_pool
Lair:4:   gammafunk_lair_enchanted_lake, layout_regular_city,
          minmay_lair_oklob_chamber
Lair:5:   layout_long_grid, nicolae_volcano_entry_vermiform,
          nicolae_lair_grove_arrangements, grunt_megastairs_3
Lair:6:   grunt_lair_end_beastmaster, layout_loops_ring,
          nicolae_slime_entry_slimehenge
Orc:1:    nicolae_orc_accident_1, layout_caves, enter_bailey_3, serial_shops,
          nicolae_shop_crystal, portal_ice_cave_demonic_guard

Skill      XL: |  1  2  3  4  5  6  7  8  9 10 11 12 13 14 15 |
---------------+----------------------------------------------+-----
Axes           | 3 4 5 6 7 9 11 12 14 15 16 17 19 | 19.1
Dodging        | 2 3 4 6 |  6.1
Fighting       | 4 5 6 7 8 9 10 11 12 13 | 13.9
Armour         | 2 3 4 6 7 9 10 | 10.9
Evocations     | 1 |  1.3

Action                   |  1- 3 |  4- 6 |  7- 9 | 10-12 | 13-15 | 16-18 || total
-------------------------+-------+-------+-------+-------+-------+-------++-------
Melee: Hand axe          |   113 |    76 |       |       |       |       ||   189
       War axe           |       |    31 |    32 |       |       |       ||    63
       Battleaxe         |       |       |   143 |   359 |   323 |       ||   825
       Executioner's axe |       |       |       |    48 |       |       ||    48
       Broad axe         |       |       |       |       |   621 |    56 ||   677
Invok: Berserk           |     1 |     4 |    10 |     8 |    16 |       ||    39
       Trog's Hand       |       |       |       |       |     2 |       ||     2
       Potion Petition   |       |       |       |       |     1 |     1 ||     2
Evoke: Wand              |       |       |       |       |     8 |       ||     8
  Use: Scroll            |     1 |     1 |    13 |    13 |    12 |     2 ||    42
       Potion            |       |       |     1 |     2 |     7 |     3 ||    13
 Stab: Petrified         |       |       |       |       |     3 |       ||     3
       Distracted        |       |       |       |       |     1 |       ||     1
Armor: Animal skin       |    21 |       |       |       |       |       ||    21
       Scale mail        |    17 |    33 |     9 |       |       |       ||    59
       Chain mail        |       |       |   105 |   228 |    49 |       ||   382
       Ring mail         |       |       |       |       |   342 |    42 ||   384
Dodge: Dodged            |    72 |    51 |    90 |   144 |   706 |    60 ||  1123
       Repelled          |       |       |       |     2 |    14 |       ||    16
